Map: Abyssal Reef LE

Players

Isokaze

  • Race: Terran Terran
  • Spawn Location: 5:00

A.I. 1 (Hard) - Winner!

  • Race: Terran Terran
  • Spawn Location: 11:00

VOD

Have the link to the VOD?

Description

Fisst long game...lost...did something wrong on the macro part for sure...we'll see

Time

  • Played on: May 31, 2017, 1:42 a.m.
  • Length: 14:42
Show
View Real Time Build Order
Export as new Build Order

Isokaze Terran 

Build Orders:  

Get SALT Encoding   

  12  0:01  SCV  
  13  0:17  Supply Depot  
  13  0:20  SCV  
  14  0:32  SCV  
  15  0:43  Barracks  
  15  0:44  SCV  
  16  0:56  SCV  
  17  1:02  Supply Depot  
  17  1:08  SCV  
  18  1:30  Orbital Command  
  18  1:32  Supply Depot  
  18  1:33  Barracks  
  18  1:42  Barracks  
  18  1:47  Marine  
  19  1:54  Supply Depot  
  19  2:05  Marine  
  20  2:12  SCV  
  21  2:17  Supply Depot  
  21  2:23  Marine  
  21  2:24  SCV  
  21  2:25  Marine  
  24  2:34  Marine  
  24  2:36  SCV  
  26  2:40  Supply Depot  
  26  2:41  Marine  
  26  2:43  Marine  
  28  2:48  SCV  
  29  2:57  Marine  
  30  3:00  SCV  
  30  3:03  Marine  
  30  3:04  Command Center, Marine  
  33  3:09  Supply Depot  
  33  3:14  SCV  
  33  3:19  Marine  
  35  3:24  Marine x2  
  35  3:26  SCV  
  38  3:34  Supply Depot  
  38  3:39  SCV, Marine  
  38  3:40  Barracks  
  40  3:41  Marine  
  40  3:43  Marine  
  42  3:51  SCV  
  43  3:58  Supply Depot  
  43  4:03  SCV  
  43  4:08  Marine x3  
  46  4:16  SCV  
  38  4:20  Supply Depot  
  38  4:24  SCV  
  39  4:25  Marine x2  
  39  4:26  Marine  
  39  4:28  SCV  
  39  4:29  Marine  
  44  4:36  SCV  
  45  4:40  SCV  
  45  4:42  Supply Depot  
  45  4:43  Marine x2  
  45  4:44  Marine  
  49  4:47  Marine  
  49  4:48  SCV  
  49  4:52  SCV  
  52  5:00  SCV  
  52  5:02  Marine  
  52  5:03  Marine x2  
  52  5:04  SCV, Marine  
  58  5:12  SCV  
  59  5:16  SCV  
  59  5:20  Marine, Supply Depot  
  59  5:21  Marine x2  
  61  5:22  Marine  
  61  5:24  SCV  
  65  5:28  SCV  
  66  5:36  SCV  
  66  5:38  Marine  
  66  5:39  Marine  
  66  5:40  SCV, Barracks  
  70  5:44  Barracks  
  70  5:52  SCV  
  70  5:53  SCV  
  70  5:54  Marine x2  
  70  5:56  Marine x2  
  75  6:03  Supply Depot  
  76  6:04  SCV  
  76  6:05  SCV  
  78  6:12  Marine x2  
  78  6:14  Marine x2  
  78  6:17  SCV x2  
  84  6:25  Supply Depot  
  84  6:27  Barracks  
  84  6:29  SCV  
  84  6:30  Command Center  
  84  6:32  Orbital Command, Barracks  
  85  6:41  SCV  
  86  6:48  Supply Depot  
  86  6:50  Marine x6  
  86  6:53  SCV  
  93  7:05  SCV  
  93  7:06  SCV  
  93  7:07  Marine x2  
  93  7:08  Marine x4  
  100  7:12  Supply Depot  
  85  7:17  SCV  
  85  7:18  SCV, Marine x2  
  70  7:25  Marine x4  
  70  7:26  Marine x2  
  70  7:29  SCV  
  77  7:30  SCV  
  77  7:36  Marine x2  
  80  7:41  SCV, Barracks  
  80  7:42  SCV, Barracks  
  80  7:43  Marine  
  83  7:45  Barracks  
  83  8:15  SCV x3  
  86  8:27  SCV x3  
  86  8:28  Supply Depot  
  86  8:32  Barracks  
  89  8:34  Barracks  
  89  8:35  Barracks  
  89  8:39  SCV x3, Marine x2  
  89  8:40  Marine x6  
  100  8:51  SCV x3  
  103  8:57  Marine x4  
  103  8:58  Marine x4  
  111  9:03  SCV x3  
  111  9:06  Command Center  
  114  9:15  SCV x3, Marine x5  
  114  9:16  Marine x3  
  102  9:27  SCV x2  
  102  9:28  SCV  
  105  9:33  Marine x7  
  105  9:34  Marine  
  113  9:39  SCV  
  113  9:40  SCV x2  
  113  9:41  Command Center  
  116  9:51  SCV, Marine x8  
  116  9:52  SCV x2  
  127  10:04  SCV x2  
  129  10:08  Marine  
  129  10:09  Marine x7  
  135  10:16  Command Center  
  120  10:21  SCV  
  120  10:26  SCV x3, Marine x3  
  120  10:27  Marine x5  
  132  10:33  SCV  
  133  10:36  Marine x5  
  133  10:37  Marine  
  133  10:38  SCV x3  
  133  10:39  Supply Depot  
  127  10:44  Marine x5  
  127  10:45  SCV, Marine x3  
  136  10:50  SCV x3  
  136  10:55  Barracks  
  139  10:57  SCV  
  139  10:59  Barracks  
  139  11:00  Barracks  
  139  11:02  SCV x3, Marine x6  
  139  11:03  Marine x2  
  151  11:09  SCV  
  152  11:14  SCV x3  
  152  11:15  SCV  
  156  11:20  Marine x8  
  156  11:22  SCV  
  165  11:26  SCV x3  
  165  11:27  SCV, Marine x5  
  165  11:28  Marine  
  175  11:34  SCV  
  175  11:37  Marine  
  175  11:38  SCV x2, Marine x7  
  175  11:39  SCV x2  
  188  11:45  Marine x6  
  188  11:46  SCV  
  195  11:48  Barracks  
  195  11:51  SCV x4, Barracks  
  195  11:53  Barracks  
  199  11:55  Marine  
  200  13:10  Marine x3  
  200  13:11  Marine x9  
  200  13:12  Marine x5  
  172  13:28  Marine x5  
  172  13:29  Marine x10  
  172  13:30  Marine x2  
  178  13:46  Marine x6  
  178  13:47  Marine x10  
  178  13:48  Marine  
  147  14:04  Marine x8  
  147  14:05  Marine x9  
  121  14:22  Marine x10  
  121  14:23  Marine x7  
Show
View Real Time Build Order
Export as new Build Order

A.I. 1 (Hard) Terran - Winner!

Build Orders: MMM Bio 

Get SALT Encoding   

  12  0:00  SCV  
  13  0:13  SCV  
  14  0:18  Supply Depot  
  14  0:25  SCV  
  15  0:40  SCV  
  16  0:43  Barracks  
  16  0:49  Refinery  
  16  0:52  SCV  
  17  1:04  SCV  
  18  1:16  SCV  
  19  1:22  Supply Depot  
  19  1:28  SCV  
  19  1:30  Marine  
  21  1:41  Orbital Command, Barracks  
  21  1:50  Barracks Tech Lab, Refinery  
  21  2:02  Factory  
  21  2:08  Marine  
  22  2:22  Supply Depot  
  22  2:32  Marine  
  23  2:38  Marine  
  24  2:49  Marine  
  25  2:52  Hellion  
  25  2:55  Supply Depot  
  27  3:08  SCV  
  28  3:13  Hellion  
  30  3:20  SCV  
  30  3:21  Engineering Bay  
  31  3:32  SCV  
  32  3:34  Hellion  
  32  3:36  Supply Depot  
  34  3:44  SCV  
  35  3:56  SCV, Hellion  
  38  4:08  SCV, Marine  
  37  4:14  Marine  
  35  4:20  SCV  
  36  4:26  Marine  
  36  4:28  Hellion  
  39  4:49  Hellion  
  41  4:59  Barracks Tech Lab  
  43  5:00  Marauder, Stimpack  
  43  5:02  Factory  
  43  5:04  Starport  
  43  5:05  Starport  
  43  5:07  Command Center, Supply Depot  
  43  5:10  Factory Tech Lab  
  43  5:17  Combat Shields  
  42  5:28  Widow Mine  
  44  5:39  Terran Infantry Weapons Level 1  
  44  5:41  Starport Tech Lab  
  44  5:43  Starport Tech Lab  
  44  5:46  Hellion  
  46  5:54  Marine  
  47  6:04  Marauder  
  47  6:07  Factory Tech Lab  
  49  6:13  Siege Tank  
  49  6:14  Supply Depot  
  52  6:22  SCV, Viking  
  55  6:28  SCV  
  55  6:32  Banshee  
  59  6:34  SCV  
  60  6:40  SCV  
  60  6:41  Widow Mine  
  60  6:46  SCV  
  64  6:52  SCV, Banshee  
  68  6:58  SCV  
  69  7:04  SCV, Missile Turret  
  70  7:10  SCV, Missile Turret  
  70  7:14  Raven  
  71  7:16  SCV  
  71  7:17  Marine  
  71  7:18  Missile Turret  
  71  7:22  SCV  
  63  7:26  Marine  
  63  7:28  SCV  
  65  7:33  Terran Infantry Armor Level 1  
  65  7:34  SCV  
  65  7:35  Raven  
  65  7:36  Marine, Refinery  
  69  7:40  SCV  
  69  7:43  Bunker  
  70  7:45  Marine  
  70  7:46  SCV  
  70  7:48  Missile Turret  
  72  7:52  SCV  
  73  7:58  SCV  
  73  8:00  Sensor Tower  
  73  8:04  SCV  
  75  8:07  Bunker  
  75  8:10  SCV  
  76  8:12  Armory  
  76  8:16  SCV  
  76  8:18  Supply Depot  
  77  8:23  SCV  
  78  8:28  SCV, Barracks  
  79  8:47  Refinery  
  79  9:12  Marine  
  79  9:13  Medivac  
  79  9:15  Barracks Reactor, Supply Depot  
  74  9:18  Siege Tank  
  74  9:22  Command Center  
  75  9:24  Siege Tank  
  75  9:28  Medivac  
  75  9:29  Marine  
  78  9:35  Marine  
  79  9:43  Supply Depot, Medivac  
  81  9:47  Marine  
  82  9:53  Marine  
  82  9:54  Hellion  
  82  9:57  Raven  
  82  9:59  Marine  
  88  10:05  Siege Tank  
  91  10:08  Supply Depot  
  91  10:10  Marine  
  89  10:16  Siege Tank  
  86  10:22  Marine  
  87  10:35  SCV  
  88  10:36  SCV  
  88  10:37  Siege Tank  
  88  10:38  SCV, Refinery  
  93  10:44  Refinery  
  93  10:47  SCV  
  93  10:49  Missile Turret, SCV, Hellion  
  97  10:51  SCV  
  97  10:54  Terran Infantry Weapons Level 2  
  98  10:59  SCV  
  98  11:01  SCV  
  98  11:03  SCV, Missile Turret  
  101  11:09  Siege Tank  
  101  11:10  Siege Tank  
  107  11:11  SCV  
  107  11:13  SCV  
  107  11:15  SCV  
  107  11:17  Terran Vehicle Weapons Level 1  
  107  11:18  Engineering Bay  
  110  11:23  SCV  
  111  11:26  Bunker  
  111  11:27  SCV  
  112  11:37  Ghost Academy  
  112  11:43  Terran Infantry Armor Level 2  
  112  11:47  Fusion Core  
  112  11:55  Armory  
  112  12:42  Terran Ship Weapons Level 1  
  112  12:49  Command Center  
  112  12:59  Marine  
  112  13:01  Marine  
  112  13:03  Marine, Supply Depot  
  114  13:05  Marine  
  114  13:12  Raven  
  107  13:17  Marine  
  107  13:19  Marine  
  104  13:22  Marauder  
  104  13:23  Marine  
  107  13:28  Supply Depot  
  107  13:35  Marine  
  107  13:37  Marine  
  109  13:41  Marine  
  109  13:43  Marauder  
  109  13:47  Concussive Shells  
  111  13:52  Marine  
  111  13:53  Supply Depot  
  111  13:55  Marine  
  113  13:59  Marauder  
  113  14:01  SCV  
  113  14:03  SCV  
  113  14:04  Marine  
  113  14:09  Refinery  
  115  14:10  Missile Turret, Marine  
  115  14:12  Missile Turret, Marine  
  115  14:13  Refinery  
  117  14:20  Marine  
  121  14:37  Bunker  
Tags
 
Composition
MMM Bio
Matchup
TvT
Race
Terran
Spawn Locations
Cross Positions
Add a new tag
Caveats
  • Supply blocks, unpowered buildings, or Contaminate may cause inaccurate times.
  • Supply counts are checked every 10 seconds.